 Dungeon Crawl Stone Soup version 0.25.1-2-g60ff931df9 (webtiles) character file.

Game seed: 11456048206918975912

13788 soggyman666 the Cleaver (level 11, -8/103 HPs)
             Began as a Deep Dwarf Fighter on Nov 2, 2020.
             Was a High Priest of Makhleb.
             Mangled by a 13-headed hydra (11 damage)
             ... on level 12 of the Dungeon on Nov 3, 2020.
             The game lasted 01:12:10 (9728 turns).

soggyman666 the Cleaver (Deep Dwarf Fighter)        Turns: 9728, Time: 01:12:12

Health: -8/103     AC: 19    Str: 23    XL:     11   Next: 80%
Magic:  7/7        EV:  8    Int:  9    God:    Makhleb [*****.]
Gold:   409        SH: 12    Dex: 12    Spells: 10/10 levels left

rFire    . . .     SeeInvis .   t - +4 hand axe
rCold    . . .     Gourm    .   c - +0 kite shield
rNeg     . . .     Faith    .   N - +4 chain mail
rPois    .         Spirit   .   (no helmet)
rElec    .         Reflect  .   C - +0 cloak
rCorr    .         Harm     .   (no gloves)
MR       ++...                  k - +1 pair of boots
Stlth    ..........             (no amulet)
HPRegen  0.00/turn              y - ring of protection from magic
MPRegen  0.10/turn              I - +4 ring of slaying

@: non-regenerating, studying 2 skills
A: damage resistance, heal wounds, sense surroundings 2, no regeneration
a: Heal Wounds, Minor Destruction, Lesser Servant of Makhleb, Major Destruction,
Greater Servant of Makhleb, Renounce Religion


You were on level 12 of the Dungeon.
You worshipped Makhleb.
Makhleb was extremely pleased with you.
You were not hungry.

You visited 3 branches of the dungeon, and saw 14 of its levels.
You also visited: Ossuary.

You collected 514 gold pieces.
You spent 105 gold pieces at shops.

Inventory:

Hand Weapons
 t - a +4 hand axe (weapon)
Armour
 c - a +0 kite shield (worn)
 j - a +0 leather armour of poison resistance
 k - a +1 pair of boots (worn)
 A - +0 acid dragon scales
 C - a +0 cloak (worn)
 N - a +4 chain mail (worn)
Jewellery
 p - an uncursed ring of ice
 y - a ring of protection from magic (left hand)
 I - a +4 ring of slaying (right hand)
 L - a +6 ring of intelligence
Wands
 h - a wand of clouds (4)
 m - a wand of random effects (31)
 r - a wand of flame (1)
 u - a wand of disintegration (6)
 K - a wand of iceblast (8)
Scrolls
 e - 8 scrolls of remove curse
 o - 2 scrolls of fear
 v - 3 scrolls of fog
 x - a scroll of amnesia
 E - a scroll of teleportation {unknown}
 F - 2 scrolls of immolation
 G - a scroll of silence
 J - 2 scrolls of identify
Potions
 a - 2 potions of cancellation
 d - 3 potions of might
 g - 3 potions of haste
 i - 2 potions of heal wounds
 n - 3 potions of magic
 q - 4 potions of curing
 s - a potion of resistance
 w - a potion of ambrosia {unknown}
 z - 2 potions of flight {unknown}
 D - a potion of stabbing {unknown}
 H - 2 potions of berserk rage {unknown}
Books
 b - a manual of Unarmed Combat
 l - a manual of Polearms
Comestibles
 f - 17 rations
 M - 14 chunks of flesh


   Skills:
 + Level 8.0 Fighting
 + Level 12.4 Axes
 + Level 9.0 Armour
 + Level 3.1 Dodging
 + Level 3.0 Stealth
 + Level 9.0 Shields
 + Level 1.1 Invocations
 + Level 8.3 Evocations


You had 10 spell levels left.
You didn't know any spells.
Your spell library contained the following spells:

 Spells                   Type           Power        Failure   Level  Hunger
 Sting                    Tmut/Pois      #...         99%         1    ##.....
 Poisonous Vapours        Pois/Air       #.....       100%        2    ###....
 Conjure Flame            Conj/Fire      #.......     100%        3    ####...
 Ignite Poison            Fire/Tmut/Pois #.......     100%        3    ####...
 Mephitic Cloud           Conj/Pois/Air  #.......     100%        3    ####...
 Olgreb's Toxic Radiance  Pois           #.......     100%        4    #####..
 Freezing Cloud           Conj/Ice/Air   #.........   100%        6    #######
 Ring of Flames           Chrm/Fire      #.........   100%        7    #######


Dungeon Overview and Level Annotations

Branches:
Dungeon (12/15)            Temple (0/1) D:6            Lair (1/6) D:8
    Orc (1/2) D:10        Ossuary (visited)

Altars:
Ashenzari
Cheibriados
Dithmenos
Fedhas
Hepliaklqana
Kikubaaqudgha
Makhleb
Okawaru
Qazlal
Ru
Trog
Uskayaw
Xom

Shops:
D:5 =}   D:9 ?


Innate Abilities, Weirdness & Mutations

You are resistant to damage.
You can heal yourself by infusing magical energy.
You passively map the area around you.
You do not regenerate.


Message History

The 13-headed hydra bites you but does no damage.
The 13-headed hydra bites you!
* * * LOW HITPOINT WARNING * * *
You block the 13-headed hydra's attack. The 13-headed hydra bites you!
* * * LOW HITPOINT WARNING * * *
The 13-headed hydra bites you!
* * * LOW HITPOINT WARNING * * *
The 13-headed hydra bites you.
You block the 13-headed hydra's attack. x3
The 13-headed hydra bites you!
* * * LOW HITPOINT WARNING * * *
The 13-headed hydra bites you but does no damage.
You block the 13-headed hydra's attack.
The 13-headed hydra bites you but does no damage.
A demon appears!
You block the 13-headed hydra's attack. The 13-headed hydra barely misses you.
The 13-headed hydra bites you.
* * * LOW HITPOINT WARNING * * *
You block the 13-headed hydra's attack.
The 13-headed hydra bites you but does no damage.
The 13-headed hydra bites you!
You die...

# ***** #..### * * * .
,....... , , ,,,,..# ..
........ , ...# ,
.......#* ** *#..# * *
#####..# #..# #..# #..#
,* #..##########..# **
########..............#
,
.ยง.>...5..D@3.........#
,
.......#############..#
#####.. #..# #.. #..#
#.. #..# ** * #..* #..#
,, ,...* * * ######..# ,
,.>. , ........# , *
#... ........#


You could see a 13-headed hydra, a crimson imp and a friendly smoke demon
(summoned).

Vanquished Creatures
  A centaur warrior (D:9)
  A two-headed ogre (D:10)
  Pikel (D:7)
  A cyclops (D:11)
  2 ugly things
  A gargoyle (D:10)
  Joseph (D:7)
  A merfolk (D:11)
  A troll (D:8)
  A hornet (D:9)
  Prince Ribbit (D:5)
  2 hippogriffs
  Sigmund (D:4)
  12 yaks
  2 wraiths
  3 vampire mosquitoes
  A hungry ghost (D:10)
  Menkaure (D:7)
  An acid dragon (D:12)
  Duvessa (D:7)
  A water moccasin (D:10)
  3 sky beasts
  4 orc warriors
  2 ice beasts
  2 phantoms
  A hornet zombie (D:10)
  5 ogres
  5 wolves (D:8)
  2 centaurs
  A big kobold (D:10)
  5 bullfrogs
  A crocodile (D:8)
  A gnoll sergeant (D:7)
  Dowan (D:7)
  A scorpion (D:4)
  9 killer bees
  3 howler monkeys
  4 electric eels (D:8)
  6 crimson imps
  A quasit (D:9)
  A bullfrog zombie (D:10)
  2 centaur zombies
  3 centaur skeletons
  2 human zombies (Ossuary)
  7 hounds
  A jelly (D:5)
  6 orc priests
  17 orc wizards
  A gnoll shaman (D:7)
  7 iguanas
  8 worker ants
  2 big kobold zombies (Ossuary)
  A hound zombie (D:7)
  2 hound skeletons
  3 mummies
  2 worker ant zombies
  17 gnolls
  12 adders
  2 shadow imps
  2 adder zombies (Ossuary)
  An adder skeleton (D:8)
  3 dart slugs
  5 leopard geckos
  37 orcs
  8 giant cockroaches
  6 goblins
  2 hobgoblins
  11 jackals
  2 quokkas
  4 bats
  4 frilled lizards
  A goblin zombie (Ossuary)
  9 hobgoblin zombies (Ossuary)
  A jackal zombie (Ossuary)
  11 kobolds
  7 kobold zombies (Ossuary)
  10 orc zombies (Ossuary)
  8 rats
  2 rat zombies (Ossuary)
324 creatures vanquished.

Vanquished Creatures (others)
  A scorpion (D:5)
  A howler monkey (D:5)
  A gnoll (D:5)
  A giant cockroach zombie (D:5)
4 creatures vanquished.

Grand Total: 328 creatures vanquished

Notes
Turn   | Place    | Note
-------+----------+-------------------------------------------
     0 | D:1      | soggyman666 the Deep Dwarf Fighter began the quest for the
                  | Orb.
     0 | D:1      | Reached XP level 1. HP: 20/20 MP: 1/1
   205 | D:1      | Reached XP level 2. HP: 18/27 MP: 2/2
  1023 | D:2      | Reached skill level 3 in Axes
  1085 | D:2      | Reached XP level 3. HP: 33/33 MP: 3/3
  1157 | D:2      | Reached XP level 4. HP: 34/40 MP: 4/4
  1859 | D:3      | Reached skill level 4 in Axes
  1963 | D:3      | Found a hazy altar of Hepliaklqana.
  1978 | D:3      | Reached XP level 5. HP: 31/49 MP: 0/5
  2136 | D:3      | Found a burning altar of Makhleb.
  2136 | D:3      | Noticed an Executioner
  2147 | D:3      | Noticed a hellwing
  2147 | D:3      | Noticed a ynoxinul
  2149 | D:3      | Became a worshipper of Makhleb the Destroyer
  2666 | D:4      | Reached XP level 6. HP: 33/56 MP: 0/6
  2901 | D:4      | Noticed Sigmund
  2908 | D:4      | Killed Sigmund
  2908 | D:4      | Reached skill level 5 in Axes
  2908 | D:4      | Reached skill level 1 in Stealth
  3022 | D:4      | Reached XP level 7. HP: 35/63 MP: 8/8
  3155 | D:4      | Reached skill level 1 in Dodging
  3179 | D:4      | Reached skill level 6 in Axes
  3259 | D:4      | Reached * piety under Makhleb
  3512 | D:5      | Entered Level 5 of the Dungeon
  3533 | D:5      | Found a shimmering altar of Xom.
  3568 | D:5      | Found Fujeor's Gadget Emporium.
  3594 | D:5      | Reached skill level 5 in Shields
  3603 | D:5      | Found a sacrificial altar of Ru.
  3631 | D:5      | Noticed Prince Ribbit
  3652 | D:5      | Found Huenenn Datu's Jewellery Emporium.
  3676 | D:5      | Reached XP level 8. HP: 68/72 MP: 11/11
  3684 | D:5      | Reached skill level 5 in Armour
  3817 | D:5      | Found a hide-covered altar of Uskayaw.
  3962 | D:5      | Killed Prince Ribbit
  3962 | D:5      | Reached skill level 7 in Axes
  3962 | D:5      | Reached skill level 5 in Evocations
  3997 | D:6      | Found an iron altar of Okawaru.
  4119 | D:6      | Found an ancient bone altar of Kikubaaqudgha.
  4122 | D:6      | Found a stormy altar of Qazlal.
  4196 | D:6      | Found a blossoming altar of Fedhas.
  4197 | D:6      | Found a shattered altar of Ashenzari.
  4288 | D:6      | Found a staircase to the Ecumenical Temple.
  4706 | D:7      | Noticed Duvessa
  4708 | D:7      | Noticed Dowan
  4813 | D:7      | Killed Dowan
  4827 | D:7      | Killed Duvessa
  4827 | D:7      | Reached ** piety under Makhleb
  4879 | D:7      | Gained mutation: You passively map the area around you.
                  | [Deep Dwarf growth]
  4879 | D:7      | Reached XP level 9. HP: 32/80 MP: 13/13
  4982 | D:7      | Reached skill level 5 in Fighting
  5071 | D:7      | Reached skill level 8 in Axes
  5163 | D:7      | Noticed Pikel
  5176 | D:7      | Killed Pikel
  5289 | D:7      | Reached skill level 1 in Invocations
  5436 | D:7      | Noticed Joseph
  5451 | D:7      | Killed Joseph
  5451 | D:7      | Reached skill level 9 in Axes
  5531 | D:7      | Noticed Menkaure
  5542 | D:7      | Killed Menkaure
  5622 | D:8      | Reached XP level 10. HP: 33/91 MP: 11/11
  5676 | D:8      | Reached *** piety under Makhleb
  5699 | D:8      | Reached skill level 10 in Axes
  5898 | D:8      | Found a shadowy altar of Dithmenos.
  6092 | D:8      | Found a sand-covered staircase.
  6106 | Ossuary  | Entered an ossuary
  6173 | Ossuary  | Reached **** piety under Makhleb
  6520 | D:8      | Found a staircase to the Lair.
  6629 | Lair:1   | Entered Level 1 of the Lair of Beasts
  6629 | Lair:1   | Noticed a spiny frog
  6871 | D:9      | Found Cuat's Magic Scroll Shoppe.
  6881 | D:9      | Bought a scroll of silence for 105 gold pieces
  6885 | D:9      | Found a bloodstained altar of Trog.
  7013 | D:9      | Found a snail-covered altar of Cheibriados.
  7163 | D:9      | Noticed a centaur warrior
  7176 | D:9      | Killed a centaur warrior
  7322 | D:9      | Reached ***** piety under Makhleb
  7371 | D:9      | Reached skill level 11 in Axes
  7658 | D:10     | Entered Level 10 of the Dungeon
  7673 | D:10     | Reached XP level 11. HP: 96/100 MP: 8/8
  7778 | D:10     | Found a staircase to the Orcish Mines.
  7800 | Orc:1    | Entered Level 1 of the Orcish Mines
  7800 | Orc:1    | Noticed a stone giant
  8262 | D:10     | Got a sparkling turquoise ring
  8289 | D:10     | Noticed a two-headed ogre
  8299 | D:10     | Killed a two-headed ogre
  8507 | D:11     | Noticed a cyan ugly thing
  8532 | D:10     | Identified the ring "Zoekouso" {*Corrode rElec Dex+3
                  | Stlth-} (You found it on level 10 of the Dungeon)
  8558 | D:11     | Noticed a green ugly thing
  8571 | D:10     | Killed a green ugly thing
  8772 | D:11     | Killed a cyan ugly thing
  8789 | D:11     | Reached skill level 12 in Axes
  9465 | D:12     | Noticed a five-headed hydra
  9728 | D:12     | HP: 3/103 [13-headed hydra (2)]
  9728 | D:12     | Mangled by a 13-headed hydra

Illustrated notes

Levels and vault maps discovered:
D:1:      psy_arrival_statuary, layout_basic
D:2:      layout_basic
D:3:      layout_basic, nicolae_overflow_hidden_temple,
          makhleb_altar_promises_db
D:4:      minmay_spotlight, layout_rooms, minmay_manual_mail, uniq_sigmund
D:5:      layout_rooms, overflow_temple_1_default,
          eat_drink_and_be_merry_uskayaw, xom_confusion_cloud, serial_shops,
          shop_statue, shop, first_ration, uniq_prince_ribbit1
D:6:      layout_loops_ring, kennysheep_little_box, grunt_temple_overflow_open,
          temple_statues
D:7:      layout_loops_ring, uniq_menkaure, uniq_pikel, uniq_duvessa,
          uniq_joseph
D:8:      layout_loops_ring, lemuel_coloured_pillars_altar, erik_lair_island,
          lightli_ossuary_entry_decrepit_ruins
D:9:      layout_roguey, slow_altar_2, nicolae_overflow_crystal_walls,
          serial_shops, shop
D:10:     layout_stronghold, david_orc_3
D:11:     layout_big_octagon, hangedman_fish_farm
D:12:     layout_long_grid, serial_shops, shop
Lair:1:   layout_long_grid, chequers_serial_rivers_large_b,
          gammafunk_lair_bear_cave, uniq_gastronok
Orc:1:    layout_diamond_mine, enter_bailey_3, serial_shops, shop_statue

Skill      XL: |  1  2  3  4  5  6  7  8  9 10 11 |
---------------+----------------------------------+-----
Axes           | 3 4 5 6 7 9 11 12 | 12.4
Fighting       | 3 4 5 7 8 |  8.0
Shields        | 4 5 6 7 9 |  9.0
Armour         | 4 5 6 7 9 |  9.0
Stealth        | 1 2 3 |  3.0
Evocations     | 2 4 6 7 8 |  8.3
Dodging        | 1 2 3 |  3.1
Invocations    | 1 |  1.1

Action                   |  1- 3 |  4- 6 |  7- 9 | 10-12 || total
-------------------------+-------+-------+-------+-------++-------
Melee: War axe           |    94 |   162 |   136 |       ||   392
       Hand axe          |       |       |   332 |   609 ||   941
Invok: Minor Destruction |       |       |     2 |       ||     2
       Lesser Servant of |       |       |       |     1 ||     1
 Abil: Heal Wounds       |     1 |     2 |    13 |    11 ||    27
Evoke: Wand              |       |     3 |    12 |    22 ||    37
  Use: Scroll            |     2 |     5 |     6 |     8 ||    21
       Potion            |       |       |       |     4 ||     4
 Stab: Paralysed         |       |     3 |     4 |       ||     7
       Confused          |       |       |       |     1 ||     1
  Eat: Chunk             |     1 |     5 |    10 |    13 ||    29
       Ration            |       |       |       |     1 ||     1
Armor: Scale mail        |    27 |    71 |   150 |       ||   248
       Plate armour      |       |       |    21 |   262 ||   283
       Chain mail        |       |       |       |    33 ||    33
Dodge: Dodged            |    34 |    48 |   111 |   124 ||   317
Block: Kite shield       |    47 |    85 |   218 |   316 ||   666
